 Dungeon Crawl Stone Soup version 0.20.2-3-g29329e0561 (webtiles) character file.

1754 Alfie the Carver (level 8, -6/70 HPs)
             Began as a Minotaur Fighter on Sept 28, 2020.
             Killed from afar by an electric eel (11 damage)
             ... with a bolt of electricity
             ... on level 6 of the Dungeon.
             The game lasted 00:15:14 (4497 turns).

Alfie the Carver (Minotaur Fighter)                 Turns: 4497, Time: 00:15:14

Health: -6/70      AC: 10    Str: 23    XL:     8   Next: 78%
Magic:  7/7        EV: 10    Int:  5    God:
Gold:   160        SH: 11    Dex: 10    Spells: 6/7 levels left

rFire    . . .     SeeInvis .   a - +2 long sword
rCold    . . .     Gourm    .   c - +0 shield
rNeg     . . .     Faith    +   b - +1 scale mail
rPois    .         Spirit   .   (helmet restricted)
rElec    .         Reflect  .   (no cloak)
rCorr    .         Harm     .   (no gloves)
MR       .....                  k - +0 pair of boots
Stlth    ..........             q - amulet of faith
Regen    0.3/turn               (no ring)
MPRegen  0.1/turn               (no ring)

@: very slow
A: retaliatory headbutt, horns 2
a: no special abilities


You were on level 6 of the Dungeon.
You were not hungry.

You visited 1 branch of the dungeon, and saw 6 of its levels.
You also visited: Sewer and Ossuary.

You collected 250 gold pieces.
You spent 90 gold pieces at shops.

Inventory:

Hand Weapons
 a - a +2 long sword (weapon)
Armour
 b - a +1 scale mail (worn)
 c - a +0 shield (worn)
 d - a +0 troll leather armour {Purgy}
 k - a +0 pair of boots (worn)
Jewellery
 q - an amulet of faith (around neck)
Wands
 s - a wand of flame (18/48)
 y - a wand of flame (43/48)
Scrolls
 g - 3 scrolls of fear
 i - a scroll of identify
 l - a scroll of recharging
 m - 4 scrolls of remove curse
 x - a scroll of teleportation
 A - a scroll of random uselessness {unknown}
Potions
 e - 5 potions of curing
 h - 3 potions of flight
 j - a potion of berserk rage {unknown}
 n - a potion of brilliance {unknown}
 p - 3 potions of lignification {unknown}
 u - 3 potions of agility {unknown}
 v - a potion of invisibility {unknown}
 w - a potion of heal wounds {unknown}
 z - 2 potions of might
Books
 o - a book of Minor Magic

   Spells                             Type                      Level
   a - Magic Dart                     Conjuration                  1
   b - Blink                          Translocation                2
   c - Call Imp                       Summoning                    2
   d - Slow                           Hexes                        2
   e - Conjure Flame                  Conjuration/Fire             3
   f - Mephitic Cloud                 Conjuration/Poison/Air       3
Comestibles
 f - 2 bread rations
 r - 2 meat rations
 t - 5 royal jellies


   Skills:
 + Level 6.0 Fighting
 + Level 8.4 Long Blades
 + Level 7.0 Armour
 + Level 3.4 Dodging
 + Level 0.1 Stealth
 + Level 7.4 Shields


You had 6 spell levels left.
You knew the following spells:

 Your Spells              Type           Power        Failure   Level  Hunger
a - Magic Dart            Conj           #...         97%         1    ##.....


Dungeon Overview and Level Annotations

Branches:
Dungeon (6/15)             Temple (0/1) D:5

Altars:
Elyvilon
Fedhas
Kikubaaqudgha
Okawaru
Uskayaw
Vehumet
Zin
The Shining One

Shops:
D:5 [


Innate Abilities, Weirdness & Mutations

You reflexively headbutt those who attack you in melee.
You have a pair of horns on your head.


Message History

The bolt of electricity hits the plant.
The bolt of electricity hits you!
* * * LOW HITPOINT WARNING * * *
The bolt of electricity hits the plant.
An electric eel comes into view.
The electric eel shoots out a bolt of lightning at you!
The bolt of electricity hits the plant.
The bolt of electricity hits you!
* * * LOW HITPOINT WARNING * * *
The electric eel shoots out a bolt of lightning at you!
The bolt of electricity hits the plant.
The bolt of electricity misses you.
A hornet zombie comes into view.
The electric eel shoots out a bolt of lightning at you!
The bolt of electricity misses you.
The electric eel shoots out a bolt of lightning at you!
The bolt of electricity hits the plant.
The bolt of electricity hits you!
* * * LOW HITPOINT WARNING * * *
The bolt of electricity hits the plant.
You block the quokka's attack.
The electric eel shoots out a bolt of lightning at you!
The bolt of electricity hits the plant.
The bolt of electricity hits you!
You die...

##≈♣Pr.#
#.P##.# ≈♣♣♣#..
#.## ≈P≈P≈≈P♣
#..#
≈P≈≈≈≈;♣♣♣≈.#
≈≈≈≈P≈PP≈♣♣≈#
≈≈≈≈♣P≈≈≈≈≈P#
≈≈≈≈P≈≈≈≈r≈♣≈#
≈≈≈≈;≈≈≈@≈≈≈♣♣
≈≈≈≈≈P≈≈≈≈≈P♣
≈≈≈≈≈≈≈≈≈≈≈≈≈≈#
≈≈≈Z≈P≈≈PP♣≈♣##
≈≈≈≈≈≈♣≈≈PP♣#
P≈♣P≈P≈≈P♣P.#
≈P≈≈P≈♣♣≈≈≈.#
♣♣♣♣≈ ♣##..# ≈#
##


You could see 2 electric eels, a hornet zombie and a quokka.

Vanquished Creatures
  Purgy (Sewer)
  A sky beast (D:5)
  3 phantoms
  An ogre (D:4)
  2 centaurs
  2 elf zombies (Ossuary)
  A bullfrog (D:5)
  2 howler monkeys
  A crimson imp (D:5)
  A quasit (D:6)
  2 centaur zombies (Ossuary)
  2 human zombies (Ossuary)
  3 orc priests (D:5)
  2 orc wizards (D:5)
  A bullfrog skeleton (D:5)
  A centaur skeleton (D:3)
  2 worker ants
  A big kobold zombie (Ossuary)
  2 mummies (Ossuary)
  7 adders
  8 river rats (D:5)
  A shadow imp (D:5)
  3 oozes
  3 adder zombies (Ossuary)
  4 worms
  A dart slug (D:2)
  2 leopard geckos
  5 orcs (D:5)
  4 ball pythons
  3 giant cockroaches
  9 hobgoblins
  11 jackals
  5 quokkas
  A ball python zombie (D:5)
  6 bats
  10 frilled lizards
  9 goblins
  A goblin skeleton (D:6)
  2 goblin zombies
  10 hobgoblin zombies
  7 kobolds
  2 kobold skeletons (D:6)
  12 kobold zombies
  2 orc skeletons (D:6)
  11 orc zombies
  19 rats
189 creatures vanquished.

Notes
Turn   | Place    | Note
-------+----------+-------------------------------------------
     0 | D:1      | Alfie the Minotaur Fighter began the quest for the Orb.
     0 | D:1      | Reached XP level 1. HP: 19/19 MP: 0/0
    96 | D:1      | Reached XP level 2. HP: 14/26 MP: 1/1
   504 | D:2      | Reached XP level 3. HP: 32/33 MP: 2/2
   561 | D:2      | Reached skill level 3 in Long Blades
   875 | D:2      | Found an iron altar of Okawaru.
  1173 | D:2      | Reached XP level 4. HP: 36/40 MP: 3/3
  1616 | D:3      | Learned a level 1 spell: Magic Dart
  1656 | D:3      | Reached skill level 4 in Long Blades
  1732 | D:3      | Noticed a dagger
  1733 | D:3      | Noticed a hand axe
  1738 | D:3      | Found a hide-covered altar of Uskayaw.
  2044 | D:3      | Found an ancient bone altar of Kikubaaqudgha.
  2089 | D:3      | Reached XP level 5. HP: 46/46 MP: 4/4
  2271 | D:4      | Found a white marble altar of Elyvilon.
  2309 | D:4      | Reached skill level 5 in Armour
  2467 | D:4      | Found a glowing drain.
  2488 | D:4      | Reached skill level 1 in Dodging
  2522 | Sewer    | Entered a sewer
  2611 | Sewer    | Noticed Purgy
  2636 | Sewer    | Killed Purgy
  2636 | Sewer    | Reached skill level 5 in Shields
  2636 | Sewer    | Reached XP level 6. HP: 8/52 MP: 5/5
  2730 | D:4      | Found Zin's Purification Station.
  2730 | D:4      | Found a glowing silver altar of Zin.
  2739 | D:4      | Bought a potion of curing for 90 gold pieces
  2793 | D:4      | Reached skill level 5 in Long Blades
  3026 | D:5      | Entered Level 5 of the Dungeon
  3062 | D:5      | Found a blossoming altar of Fedhas.
  3105 | D:5      | Found a radiant altar of Vehumet.
  3205 | D:5      | Reached XP level 7. HP: 33/60 MP: 6/6
  3222 | D:5      | HP: 2/60 [centaur (2)]
  3229 | D:5      | Reached skill level 6 in Long Blades
  3290 | D:5      | Found a staircase to the Ecumenical Temple.
  3313 | D:5      | Reached skill level 5 in Fighting
  3453 | D:5      | Found Xemuhi's Armour Boutique.
  3556 | D:5      | Reached XP level 8. HP: 25/68 MP: 7/7
  3612 | D:5      | Reached skill level 7 in Long Blades
  3793 | D:5      | Found a blossoming altar of Fedhas.
  3972 | D:6      | Found a glowing golden altar of the Shining One.
  4090 | D:6      | Found a sand-covered staircase.
  4095 | Ossuary  | Entered an ossuary
  4308 | Ossuary  | Reached skill level 8 in Long Blades
  4497 | D:6      | Killed from afar by an electric eel

Skill      XL: |  1  2  3  4  5  6  7  8 |
---------------+-------------------------+-----
Armour         | 4 5 6 7 |  7.0
Shields        | 4 5 6 7 |  7.4
Long Blades    | 3 4 5 6 8 |  8.4
Fighting       | 4 5 6 |  6.0
Dodging        | 1 2 3 |  3.4
Stealth        | |  0.1

Action                   |  1- 3 |  4- 6 |  7- 9 || total
-------------------------+-------+-------+-------++-------
Melee: Long sword        |   119 |   157 |   278 ||   554
       Headbutt          |    17 |    24 |    59 ||   100
  Use: Scroll            |     4 |     7 |     1 ||    12
       Potion            |       |     4 |     2 ||     6
  Eat: Bread ration      |     1 |       |     1 ||     2
       Royal jelly       |       |     1 |       ||     1
       Fruit             |       |     2 |     1 ||     3
Armor: Scale mail        |    60 |    82 |   106 ||   248
Dodge: Dodged            |    40 |    82 |    84 ||   206
Block: Shield            |    64 |    93 |   164 ||   321
       Rpst.: Long sword |    13 |    22 |    20 ||    55
